General information
- name: 2V2 OB PRO VIKI #5
- type: unknown
- host: Viki.hostbot.
- saver: omgomg
map: TurtleRock
- players: 12
- length: 08:59
- speed: Fast
- version: 1.26 W3XP
- replay type: Public
» download(77 KB)
Players
team 1 (loser)
so. (
red | 86 APM | 769 actions | 08:57)
2 Beastmaster
1 Summon Quilbeast
1 Summon Hawk
» actions
| Assign group hotkey | 18 | |
| Build / train | 22 | |
| Enter build submenu | 22 | |
| Enter hero's abilities submenu | 2 | |
| Give item / drop item | 1 | |
| Remove unit from queue | 1 | |
| Right click | 448 | |
| Select / deselect | 171 | |
| Select group hotkey | 34 | |
| Use ability | 50 | |
769 total
» units
» buildings
| Ancient of War | 6 | |
| Altar of Elders | 1 | |
| Moon Well | 7 | |
| Ancient of Wonders | 2 | |
| Tree of Life | 1 | |
17 total
» build order
00:53 Ancient of War
00:56 Ancient of War
01:07 Altar of Elders
01:14 Moon Well
02:56 Ancient of War
02:58 Ancient of War
03:00 Ancient of War
03:59 Moon Well
04:01 Moon Well
04:32 Moon Well
04:47 Moon Well
05:38 Ancient of Wonders
06:23 Moon Well
06:36 Moon Well
06:43 Tree of Life
07:56 Ancient of War
08:03 Ancient of Wonders
Outrageous (
green | 155 APM | 1372 actions | 08:52)
2 Goblin Tinker
1 Pocket Factory
1 Engineering Upgrade
» actions
| Assign group hotkey | 86 | |
| Basic commands | 113 | |
| Build / train | 39 | |
| ESC pressed | 5 | |
| Enter build submenu | 24 | |
| Enter hero's abilities submenu | 2 | |
| Right click | 520 | |
| Select / deselect | 287 | |
| Select group hotkey | 213 | |
| Use ability | 83 | |
1372 total
» units
» buildings
| Ancient of War | 14 | |
| Altar of Elders | 1 | |
| Moon Well | 2 | |
| Hunter's Hall | 1 | |
18 total
» build order
00:43 Ancient of War
00:45 Ancient of War
00:47 Ancient of War
01:04 Altar of Elders
01:09 Moon Well
02:45 Ancient of War
03:00 Ancient of War
03:13 Ancient of War
03:54 Moon Well
04:07 Ancient of War
04:13 Ancient of War
04:40 Ancient of War
05:13 Ancient of War
05:55 Ancient of War
06:28 Hunter's Hall
06:34 Ancient of War
07:24 Ancient of War
07:56 Ancient of War
team 2 (winner)

»
omgomg (
blue | 127 APM | 1142 actions | 08:59)
2 Far Seer
1 Feral Spirit
1 Chain Lighting
» actions
| Assign group hotkey | 19 | |
| Basic commands | 1 | |
| Build / train | 27 | |
| Enter build submenu | 17 | |
| Enter hero's abilities submenu | 2 | |
| Right click | 420 | |
| Select / deselect | 357 | |
| Select group hotkey | 238 | |
| Use ability | 61 | |
1142 total
» units
» buildings
| Altar of Storms | 1 | |
| Orc Burrow | 3 | |
| Barracks | 1 | |
| Voodoo Lounge | 2 | |
| War Mill | 1 | |
| Watch Tower | 3 | |
11 total
» build order
00:05 Altar of Storms
00:17 Orc Burrow
00:32 Barracks
01:23 Orc Burrow
01:58 Voodoo Lounge
02:34 Voodoo Lounge
04:28 War Mill
05:22 Orc Burrow
06:07 Watch Tower
08:17 Watch Tower
08:40 Watch Tower
FutureChipsTree (
teal | 70 APM | 624 actions | 08:58)
2 Firelord
1 Summon Lava Spawn
1 Incinerate
» actions
| Assign group hotkey | 16 | |
| Basic commands | 33 | |
| Build / train | 40 | |
| Enter build submenu | 26 | |
| Enter hero's abilities submenu | 2 | |
| Remove unit from queue | 1 | |
| Right click | 206 | |
| Select / deselect | 201 | |
| Select group hotkey | 63 | |
| Use ability | 36 | |
624 total
» units
» upgrades
» buildings
| Barracks | 1 | |
| Farm | 5 | |
| Altar of Kings | 1 | |
| Lumber Mill | 3 | |
| Scout Tower | 13 | |
| Arcane Tower | 1 | |
| Guard Tower | 9 | |
| Arcane Vault | 1 | |
34 total
» build order
00:21 Barracks
00:35 Farm
00:52 Farm
01:13 Altar of Kings
02:03 Lumber Mill
02:33 Farm
02:42 Scout Tower
03:05 Farm
03:16 Arcane Tower
03:21 Scout Tower
03:51 Scout Tower
04:11 Guard Tower
04:23 Arcane Vault
04:50 Guard Tower
05:27 Farm
05:37 Scout Tower
05:39 Scout Tower
05:42 Lumber Mill
05:44 Scout Tower
05:46 Scout Tower
06:04 Guard Tower
06:06 Guard Tower
06:15 Guard Tower
06:24 Guard Tower
06:36 Scout Tower
06:59 Lumber Mill
07:24 Scout Tower
07:26 Scout Tower
07:48 Scout Tower
07:50 Scout Tower
07:52 Guard Tower
08:05 Guard Tower
08:27 Guard Tower
08:31 Scout Tower
observersmikrob,
RoCkStar189,
NMI.Sunrise,
insensibl,
Psycho_O,
newsession,
HeatinUP,
sendar Chat log
(00:00 / All) so.: Clan ViKi @ USWEST
(00:06 / Allies) FutureChipsTree: tower
(00:07 / Allies) FutureChipsTree: fucking
(00:08 / Allies) FutureChipsTree: rush
(00:13 / All) FutureChipsTree: gl hf
(00:22 / Allies) omgomg: sure?
(00:24 / All) Outrageous: HAVE FUN GUYS
(00:26 / Allies) FutureChipsTree: yes :)
(00:27 / All) Outrageous: :D
(00:33 / Allies) FutureChipsTree: fast attack
(00:45 / Allies) FutureChipsTree: tavern hero
(00:56 / Allies) omgomg: 2 xD
(01:00 / Allies) FutureChipsTree: ok
(01:07 / Allies) omgomg: mb some militia
(01:31 / All) so.: bitches on my dick cuz i look like jezus
(01:39 / All) Outrageous: WTF
(01:40 / All) Outrageous: NO
(03:07 / All) so.: LOL
(04:42 / All) so.: NMI.Sunrise: 190ms, sendar: 177ms, omgomg: 148ms, RoCkStar189: 138ms, HeatinUP: 102ms, so.: 85ms
(04:52 / All) so.: Unable to mute/unmute player [omfg red is maphacking!!!!!!!!!!!]. No matches found.
(07:06 / Allies) omgomg: some wood?
(08:50 / All) Outrageous: gg
(08:52 / All) Outrageous: Bad luck on races
(08:52 / All) so.: Outrageous has left the game voluntarily.
(08:53 / Allies) omgomg: :)
(08:56 / All) so.: RoCkStar189 has left the game voluntarily.
(08:57 / All) so.: so. has left the game voluntarily.